cohdb
Replays
Latest Replays
All Replays
Popular Replays
Top Player Replays
Match Explorer
How It Works
Community
CoH3 Stats
Reddit
Sign in to upload your games and track your stats! →
Sign in with Steam
Match 41104160
Unlisted
Match 41104160
Overview
Messages
Build Orders
End
Kradschützen Motorcycle Team
Selects Panzerjäger Kommand Battlegroup
Selects Mine Fields
Panzergrenadier Squad
Panzergrenadier Squad
Panzergrenadier Squad
Construct Light Support Kompanie
Fire Support Elements
Selects GrB 39 Grenade Launcher Requisition
Flakvierling Half-track
Panzerjäger Mechanized Group
Vehicle Survival Package
Selects Crew Shock Tactics
Construct Mechanized Kompanie
StuG III D Assault Gun
Emergency Repair Kits
Marder III Tank Destroyer
Kradschützen Motorcycle Team
StuG III D Assault Gun
18-tonne Recovery Half-track
*Mule
FeriG
Dr. Jekyll
PutPut-AusarTheVile
0
0
Comments
sign in to comment!
No comments posted yet!